AoeStats
← Michi3052

Arena

510398691Analyzed
1v1 RM · 1d ago on Sep 30, 2026· 33m 21s· 2 players
Game mode
Random Map
Map size
Tiny (2 player)
Population
200
Speed
Normal
Resources
Standard
Victory
Conquest
Starting age
Dark Age
Ending age
Imperial Age
RankedLock teamsTeams togetherTeam positionsShared explorationLock speedFull tech treeHidden civsTurbo modeCheats
Victory
Defeat
🇪🇸 Turks · Spain
697
+13
🇧🇷 Slavs · Brazil
642
-13
dododoy
9:37 Feudal Age
10:33 Double-Bit Axe
10:32 Horse Collar
19:39 Castle Age
18:31 Gold Mining
18:32 Stone Mining
19:38 Wheelbarrow
20:37 Wheelbarrow
19:48 Loom
22:39 Scale Barding Armor
22:49 Forging
23:33 Husbandry
23:44 Bloodlines
28:35 Squires
27:55 Pikeman
29:38 Heavy Plow
32:29 Imperial Age
31:49 Bow Saw
Michi3052
11:44 Feudal Age
12:57 Double-Bit Axe
17:35 Castle Age
17:16 Gold Mining
26:19 Imperial Age
26:44 Gold Shaft Mining
25:53 Horse Collar
27:30 Wheelbarrow
32:24 Fletching
32:36 Padded Archer Armor
32:42 Squires
32:38 Loom
33:41 Bodkin Arrow
Connection lost

Rejoining the realm…

Still unreachable

The connection could not be restored.

Session expired

The server has moved on; the page needs a fresh start.